AoeStats
← NPG | FishCL

Nomad

507143959Analyzed
4v4 RM · 14d ago on Sep 16, 2026· 55m 59s· 8 players
Game mode
Random Map
Map size
231×231
Population
200
Speed
Normal
Resources
Standard
Victory
Conquest
Starting age
Dark Age
Ending age
Imperial Age
RankedLock teamsTeams togetherTeam positionsShared explorationLock speedFull tech treeHidden civsTurbo modeCheats
Victory
Defeat
🇩🇪 Italians · Germany
1816
+7
🇩🇪 Dravidians · Germany
1794
+8
🇩🇪 Berbers · Germany
1553
+16
🇩🇪 Persians · Germany
1484
+19
🇨🇱 Mongols · Chile
1625
-15
🇲🇽 Maya · Mexico
1590
-13
🇲🇽 Mapuche · Mexico
1557
-11
🇨🇱 Spanish · Chile
1557
-11
NPG | FishCL
5:12 Loom
12:41 Feudal Age
16:49 Castle Age
15:15 Double-Bit Axe
16:07 Fishing Lines
18:16 Bow Saw
21:46 Horse Collar
24:48 Wheelbarrow
23:58 Town Watch
28:32 Hand Cart
28:43 Gold Mining
32:19 Imperial Age
30:08 Fletching
30:50 Bodkin Arrow
31:31 Stone Mining
32:20 Gold Shaft Mining
31:50 Padded Archer Armor
32:35 Ballistics
33:17 Stone Shaft Mining
33:06 Bracer
34:07 Chemistry
33:59 Leather Archer Armor
34:39 Conscription
33:40 Elite Mangudai
34:37 Bloodlines
34:24 Capped Ram
35:49 Husbandry
35:57 Thumb Ring
36:18 Parthian Tactics
36:30 Scale Barding Armor
36:35 Forging
36:47 Siege Ram
38:52 Elite Skirmisher
41:01 Coinage
44:19 Hoardings
43:57 Masonry
51:45 Drill
AiM | PoRRo
5:02 Loom
13:36 Feudal Age
17:46 Castle Age
17:38 Town Watch
20:42 Padded Archer Armor
24:08 Leather Archer Armor
31:48 Double-Bit Axe
33:59 Medium Warships
34:28 Wheelbarrow
35:50 Forging
46:57 Hand Cart
50:21 Imperial Age
49:53 Light Cavalry
50:44 Bloodlines
50:51 Husbandry
51:47 Scale Barding Armor
52:18 Iron Casting
51:16 Hussar
52:20 Bow Saw
52:53 Chain Barding Armor
52:24 Cavalier
55:12 Conscription
MZTK | V
3:05 Loom
13:03 Feudal Age
17:27 Castle Age
15:55 Fletching
16:13 Double-Bit Axe
18:29 Bodkin Arrow
25:36 Horse Collar
27:57 Bow Saw
28:56 Scale Mail Armor
31:07 Wheelbarrow
33:43 Imperial Age
32:05 Squires
32:17 Forging
32:49 Chain Mail Armor
32:11 Eagle Warrior
33:07 Arson
34:30 Iron Casting
34:21 Gold Mining
34:33 Heavy Plow
34:08 Elite Eagle Warrior
37:42 Plate Mail Armor
40:47 Blast Furnace
41:20 Bracer
44:14 Conscription
44:59 Padded Archer Armor
44:58 Elite Plumed Archer
48:58 Leather Archer Armor
50:25 Thumb Ring
51:43 Stone Mining
53:03 Chemistry
52:43 Ring Archer Armor
54:26 Holcans
54:43 Hand Cart
[DH]Howl Jenkins
6:05 Loom
13:15 Feudal Age
17:40 Castle Age
16:06 Fletching
17:39 Double-Bit Axe
38:13 Bow Saw
42:12 Forging
43:30 Horse Collar
44:43 Elite Skirmisher
45:54 Bodkin Arrow
46:44 Malon
47:39 Padded Archer Armor
48:24 Ballistics
48:20 Heavy Plow
49:32 Leather Archer Armor
Saphi
4:23 Loom
13:13 Feudal Age
15:22 Double-Bit Axe
21:14 Castle Age
23:57 Scale Barding Armor
24:03 Forging
27:03 Bloodlines
26:55 Husbandry
30:55 Horse Collar
33:03 Wheelbarrow
33:32 Chain Barding Armor
33:59 Heavy Plow
35:54 Bow Saw
40:12 Medium Warships
45:43 Imperial Age
44:21 Hand Cart
46:08 Iron Casting
45:28 Gold Mining
45:29 Stone Mining
45:35 Cavalier
48:23 Gold Shaft Mining
52:07 Plate Barding Armor
54:02 Crop Rotation
54:55 Two-Man Saw
53:19 Light Cavalry
55:32 Blast Furnace
55:37 Savar
55:38 Hussar
Lukas_AoE
5:35 Loom
12:06 Feudal Age
16:16 Castle Age
14:55 Fishing Lines
16:43 Stone Mining
16:44 Gold Mining
16:59 Fletching
17:41 Bodkin Arrow
20:44 Ballistics
20:59 Padded Archer Armor
22:03 Town Watch
22:46 Leather Archer Armor
24:11 Double-Bit Axe
29:58 Horse Collar
36:29 Imperial Age
34:15 Stone Mining
34:36 Bow Saw
34:27 Heavy Plow
36:01 Silk Road
37:08 Wheelbarrow
37:10 Stone Shaft Mining
38:16 Chemistry
37:17 Bracer
38:10 Ring Archer Armor
39:39 Two-Man Saw
39:17 Conscription
39:23 Pirotechnia
39:41 Hand Cart
39:21 Elite Genoese Crossbowman
40:58 Hoardings
40:56 Gillnets
42:04 Thumb Ring
43:01 Crop Rotation
45:31 Scale Barding Armor
45:36 Forging
45:56 Masonry
46:09 Pirotechnia
45:32 Light Cavalry
46:23 Bloodlines
46:14 Husbandry
46:49 Chain Barding Armor
48:26 Iron Casting
48:59 Plate Barding Armor
47:51 Hussar
52:08 Blast Furnace
53:05 Architecture
52:16 Treadmill Crane
52:31 Murder Holes
53:08 Bombard Tower
52:35 Arrowslits
Jonas
5:38 Loom
14:20 Feudal Age
18:34 Castle Age
17:56 Town Watch
21:29 Wheelbarrow
20:54 Town Patrol
28:30 Fletching
31:41 Double-Bit Axe
32:32 Bodkin Arrow
38:45 Imperial Age
37:25 Bloodlines
37:15 Husbandry
37:39 Ballistics
37:40 Bow Saw
38:02 Hand Cart
38:28 Padded Archer Armor
40:02 Scale Mail Armor
40:13 Forging
40:18 Bracer
41:23 Chain Mail Armor
48:56 Masonry
50:46 Horse Collar
54:19 Bracer
54:33 Light Cavalry
56:12 Conscription
56:47 Hoardings
Tigry
13:21 Feudal Age
14:32 Fishing Lines
16:59 Castle Age
15:57 Double-Bit Axe
17:38 Wheelbarrow
16:48 Loom
17:50 Medium Warships
18:57 Gold Mining
20:47 Fletching
21:49 Bow Saw
21:36 Bodkin Arrow
21:42 Padded Archer Armor
22:09 Ballistics
21:31 Elite Skirmisher
23:24 Leather Archer Armor
26:42 Stone Mining
27:28 Horse Collar
34:18 Imperial Age
32:01 Scale Mail Armor
32:41 Hand Cart
32:07 Pikeman
32:47 Squires
33:44 Chain Mail Armor
36:02 Chemistry
35:03 Bracer
36:38 Conscription
37:13 Plate Mail Armor
37:10 Forging
37:03 Squires
38:09 Arson
41:02 Iron Casting
43:15 Blast Furnace
42:53 Ring Archer Armor
45:18 Blast Furnace
45:06 Wootz Steel
49:21 Elite Urumi Swordsman
52:10 Masonry
55:51 Heavy Plow
55:29 Halberdier
Connection lost

Rejoining the realm…

Still unreachable

The connection could not be restored.

Session expired

The server has moved on; the page needs a fresh start.